 Dungeon Crawl Stone Soup version 0.23.1-41-g7e51ed32d8 (webtiles) character file.

Game seed: 1684562374913087061

521 PentaManta the Shield-Bearer (level 7, -4/46 HPs)
             Began as an Octopode Fighter on Mar 30, 2019.
             Slain by a gnoll (8 damage)
             ... on level 4 of the Dungeon.
             The game lasted 00:05:26 (2927 turns).

PentaManta the Shield-Bearer (Octopode Fighter)     Turns: 2927, Time: 00:05:28

Health: -4/46      AC:  1    Str: 16    XL:     7   Next: 21%
Magic:  7/7        EV: 12    Int: 10    God:
Gold:   145        SH: 11    Dex: 13    Spells: 6/6 levels left

rFire    . . .     SeeInvis +   a - +0 long sword
rCold    . . .     Gourm    .   b - +1 shield
rNeg     + . .     Faith    .   (helmet restricted)
rPois    .         Spirit   .   n - amulet of the acrobat
rElec    .         Reflect  .   (no ring)
rCorr    .         Harm     .   k - ring of see invisible
MR       .....                  l - ring of stealth
Stlth    +++.......             p - ring of positive energy
HPRegen  0.15/turn              (no ring)
MPRegen  0.10/turn              (no ring)
                                (no ring)
                                (no ring)

@: no status effects
A: almost no armour, stealthy swim, amphibious, 8 rings, constrict 8, camouflage
1, gelatinous body 1
a: no special abilities


You were on level 4 of the Dungeon.
You were hungry.

You visited 1 branch of the dungeon, and saw 4 of its levels.

You collected 145 gold pieces.

Inventory:

Hand Weapons
 a - a +0 long sword (weapon)
 i - a +0 dagger of protection
Armour
 b - a +1 shield (worn)
Jewellery
 k - a ring of see invisible (right tentacle)
 l - a ring of stealth (on tentacle)
 n - an amulet of the acrobat (around mantle)
 p - a ring of positive energy (on tentacle)
Scrolls
 j - a scroll of fog {unknown}
 o - a scroll of identify
 r - a scroll of amnesia {unknown}
 s - 4 scrolls of remove curse
 u - a scroll of teleportation {unknown}
Potions
 c - a potion of might
 e - a potion of mutation
 f - a potion of heal wounds
 g - 2 potions of cancellation
 h - a potion of degeneration {unknown}
 m - 4 potions of flight
 q - a potion of agility {unknown}
 t - a potion of magic {unknown}
 v - a potion of curing {unknown}
 w - a potion of resistance {unknown}
Comestibles
 d - 9 rations


   Skills:
 - Level 3.1 Fighting
 + Level 4.5 Long Blades
 - Level 3.1 Dodging
 * Level 6.6 Shields


You had 6 spell levels left.
You didn't know any spells.
Your spell library was empty.

Dungeon Overview and Level Annotations

Branches:
Dungeon (4/15)
 Temple: D:4-7

Altars:
Gozag

Shops:
D:3 *


Innate Abilities, Weirdness & Mutations

You cannot wear most types of armour.
You are very stealthy in the water. (Stealth+)
You are amphibious.
You can wear up to eight rings at the same time.
You can use your tentacles to constrict eight enemies at once.
Your skin changes colour to match your surroundings (Stealth+).
Your rubbery body absorbs attacks. (AC +1, EV +1)


Message History

You kill the gnoll!
You constrict the gnoll. The gnoll barely misses you. The gnoll hits you.
You hit the gnoll but do no damage. You squeeze the gnoll.
You kill the gnoll!
The hound bites you.
* * * LOW HITPOINT WARNING * * *
You block the gnoll's attack.
You hit the gnoll. Your grab misses the gnoll. Your squeeze misses the gnoll.
The gnoll is almost dead.
You block the hound's attack. You block the gnoll's attack.
The hound closely misses you.
You riposte.
You barely miss the hound. You grab the hound. You hit the hound.
The hound is moderately wounded.
You constrict the hound. The hound bites you.
* * * LOW HITPOINT WARNING * * *
The gnoll hits you.
* * * LOW HITPOINT WARNING * * *
The hound misses you. The gnoll hits you!
You die...

##. .. ##..###
#..###.....##
#....#......##
..............##
...............#
....#....))...#
.........g@#
.......#...h##
#...........# ####
####..#......#####..##
...##..#......###..#..#
#..#..##.........#...##
##.#....>...#.........#
#........##.##......###
##.##....#..##.....##


You could see a hound and a gnoll.

Vanquished Creatures
  2 ogres
  An orc priest (D:3)
  A bullfrog skeleton (D:4)
  An orc wizard (D:3)
  Jessica (D:3)
  Natasha (thrice) (D:3)
  A worker ant (D:4)
  3 gnolls (D:4)
  2 adders (D:3)
  An ooze (D:3)
  An adder skeleton (D:4)
  A worm (D:2)
  A dart slug (D:1)
  2 leopard geckos
  9 orcs (D:3)
  A ball python (D:1)
  3 giant cockroaches
  6 goblins
  11 hobgoblins
  4 jackals
  7 kobolds
  A quokka (D:2)
  11 bats
  3 frilled lizards
  6 rats
83 creatures vanquished.

Notes
Turn   | Place    | Note
-------+----------+-------------------------------------------
     0 | D:1      | PentaManta the Octopode Fighter began the quest for the
                  | Orb.
     0 | D:1      | Reached XP level 1. HP: 16/16 MP: 1/1
   111 | D:1      | Reached XP level 2. HP: 10/21 MP: 2/2
   828 | D:1      | Reached XP level 3. HP: 24/26 MP: 3/3
  1614 | D:2      | Reached skill level 4 in Shields
  1755 | D:3      | Reached XP level 4. HP: 26/31 MP: 4/4
  1773 | D:3      | Reached XP level 5. HP: 10/36 MP: 5/5
  1988 | D:3      | Found an opulent altar of Gozag.
  2001 | D:3      | Found Gozag's Platinum Reserve.
  2074 | D:3      | Noticed Natasha
  2079 | D:3      | Killed Natasha
  2079 | D:3      | Reached skill level 5 in Shields
  2094 | D:3      | Noticed an ogre
  2099 | D:3      | Killed an ogre
  2099 | D:3      | Reached XP level 6. HP: 37/42 MP: 6/6
  2122 | D:3      | Noticed Jessica
  2122 | D:3      | Noticed Natasha
  2126 | D:3      | Killed Jessica
  2135 | D:3      | Killed Natasha
  2506 | D:3      | Noticed Natasha
  2514 | D:3      | Killed Natasha
  2514 | D:3      | Reached skill level 6 in Shields
  2872 | D:4      | Reached XP level 7. HP: 46/46 MP: 7/7
  2927 | D:4      | Slain by a gnoll

Skill      XL: |  1  2  3  4  5  6 |
---------------+-------------------+-----
Shields        | 4 5 6 |  6.6
Long Blades    | 3 4 |  4.5
Fighting       | |  3.1
Dodging        | |  3.1

Action                   |  1- 3 |  4- 6 |  7- 9 || total
-------------------------+-------+-------+-------++-------
Melee: Long sword        |    81 |    80 |    11 ||   172
       Constrict         |    22 |    21 |     5 ||    48
       Tentacles         |    15 |    15 |     2 ||    32
  Use: Scroll            |     2 |     7 |       ||     9
 Stab: Sleeping          |     8 |     6 |       ||    14
  Eat: Chunk             |     2 |     4 |       ||     6
Armor: Skin              |     7 |     2 |       ||     9
Dodge: Dodged            |    35 |    27 |    13 ||    75
Block: Shield            |    47 |    40 |     9 ||    96
       Rpst.: Long sword |    10 |    10 |     3 ||    23
